 Dungeon Crawl Stone Soup version 0.31-a0-963-ga325b2283a (webtiles) character file.

Game seed: 12008932417141055261

6945 hwolsky the Protected (level 10, 0/93 HPs) *EXPLORE*
             Began as a Minotaur Fighter on Oct 24, 2023.
             Was an Elder of Okawaru.
             Slain by an 11-headed hydra (4 damage)
             ... on level 9 of the Dungeon.
             The game lasted 00:21:21 (8066 turns).

hwolsky the Protected (Minotaur Fighter)            Turns: 8066, Time: 00:21:21

Health: 0/93       AC: 15    Str: 26    XL:     10   Next: 80%
Magic:  0/9        EV: 10    Int:  5    God:    Okawaru [****..]
Gold:   459        SH:  0    Dex:  9    Spells: 9/9 levels left

rFire   . . .        g - +3 broad axe (freeze)
rCold   . . .        c - +0 buckler
rNeg    + . .        b - +1 scale mail
rPois   .            (helmet restricted)
rElec   .            o - +2 cloak
rCorr   .            u - +0 pair of gloves
SInv    .            (no boots)
Will    .....        (no amulet) Stlth
                     m - ring of positive energy
HPRegen 0.35/turn    (no ring)
MPRegen 0.11/turn

%: no passive effects
@: confused, mighty
A: horns 2, retaliatory headbutt
a: Renounce Religion, Heroism, Finesse


You were on level 9 of the Dungeon.
You worshipped Okawaru.
Okawaru was greatly pleased with you.
You visited 2 branches of the dungeon, and saw 10 of its levels.

You collected 459 gold pieces.

Inventory:

Hand Weapons
 g - a +3 broad axe of freezing (weapon)
Armour
 b - a +1 scale mail (worn)
 c - a +0 buckler (worn)
 o - a +2 cloak (worn)
 u - a +0 pair of gloves (worn)
 v - a +1 kite shield of positive energy
Jewellery
 h - an amulet of magic regeneration
 m - a ring of positive energy (left hand)
 w - a ring of willpower
Wands
 a - a wand of polymorph (11)
 i - a wand of roots (6)
 q - a wand of mindburst (5)
Scrolls
 f - a scroll of fog
 s - a scroll of amnesia
 t - 3 scrolls of teleportation
Potions
 d - a potion of might
 e - 8 potions of curing
 j - 2 potions of mutation
 k - a potion of lignification
 l - a potion of enlightenment
 n - a potion of attraction {unknown}
 p - a potion of haste {unknown}
 r - 2 potions of brilliance {unknown}
 x - 3 potions of heal wounds


   Skills:
 - Level 10.0 Fighting
 + Level 12.5 Axes
 * Level 13.0 Armour
 - Level 3.6 Shields


You had 9 spell levels left.
You didn't know any spells.
Your spell library contained the following spells:

 Spells                   Type           Power      Damage    Failure   Level
 Wereblood                Tmut           0%         N/A       87%         2
 Dazzling Flash           Conj/Hex       0%         N/A       98%         3
 Dimensional Bullseye     Hex/Tloc       0%         N/A       100%        4
 Iskenderun's Mystic Bla  Conj/Tloc      0%         2d3       100%        4
 Agony                    Necr           0%         N/A       100%        5
 Irradiate                Conj/Tmut      0%         3d11      100%        5
 Silence                  Hex/Air        0%         N/A       100%        5
 Eringya's Noxious Bog    Tmut/Pois      0%         4d6       100%        6
 Tukima's Dance           Hex            Unusable   N/A       N/A         3
 Summon Forest            Summ/Tloc      Unusable   N/A       N/A         5
 Summon Hydra             Summ           Unusable   N/A       N/A         7

Dungeon Overview and Level Annotations

Branches:
Dungeon (9/15) Zot: 25774  Temple (1/1) D:5 Zot: 5943     Orc (0/2) D:9
   Lair: D:8-11

Altars:
Ashenzari
Cheibriados
Dithmenos
Elyvilon
Gozag
Hepliaklqana
Kikubaaqudgha
Makhleb
Nemelex Xobeh
Okawaru
Ru
Sif Muna
Trog
Uskayaw
Vehumet
Wu Jian
Xom
Yredelemnul
Zin
The Shining One

Shops:
D:1 **=   D:2 [

Annotations:
D:9 1 transporter, exclusion: orange crystal statue


Innate Abilities, Weirdness & Mutations

You have a pair of horns on your head.
You reflexively headbutt those who attack you in melee.


Message History

The centaur warrior kicks you but does no damage.
The fire elemental misses you. The cyan ugly thing barely misses you.
The centaur warrior hits you but does no damage.
The centaur warrior kicks you but does no damage.
The fire elemental hits you. The fire elemental burns you!
Thought so.
The wight closely misses you. The wight hits you but does no damage.
The wight misses you.
Unknown command.
Unknown command.
You bump into the metal wall.
The deep elf archer casts a spell.
The deep elf archer blinks!
The centaur warrior hits you but does no damage.
The centaur warrior kicks you but does no damage.
The cyan ugly thing trunk-slaps you but does no damage.
The fire elemental hits you. The fire elemental burns you!
The wight hits you with a +1 battleaxe. You partially resist.
You feel drained.
The wight hits you with a +5 great sword.
The wight hits you from afar with a +3 trident.
You partially resist.
You feel drained.
You slice the orange crystal statue!! You freeze the orange crystal statue.
The orange crystal statue is almost destroyed.
You slash the wight! You freeze the wight. You barely miss the wight.
You hit the centaur warrior. You freeze the centaur warrior.
You hit the cyan ugly thing. You freeze the cyan ugly thing.
You slash the fire elemental! You freeze the fire elemental.
You destroy the fire elemental!
The fire elemental disappears in a puff of smoke!
The centaur warrior misses you.
The centaur warrior kicks you but does no damage.
The cyan ugly thing closely misses you. The fire elemental hits you.
The fire elemental burns you!
The wight hits you with a +5 great sword!
You partially resist.
You feel drained.
The wight hits you from afar with a +3 trident.
The deep elf pyromancer casts a spell.
The deep elf pyromancer blinks!
Unknown command.
Unknown command.
Unknown command.
You're too confused to move!
The cyan ugly thing trunk-slaps you but does no damage.
The fire elemental barely misses you. The wight hits you but does no damage.
The wight hits you with a +5 great sword.
The orange crystal statue fixes its piercing gaze on you.
You feel your power leaking away.
* * * LOW MAGIC WARNING * * *
The deep elf pyromancer is engulfed in blazing flames.
Unknown command.
You barely miss the orange crystal statue.
The orange crystal statue is almost destroyed.
You miss the deep elf archer. You barely miss the ten-headed hydra.
You slash the cyan ugly thing! You freeze the cyan ugly thing.
You kill the cyan ugly thing!
Okawaru is honoured by your kill.
You can now speed up your combat.
You slash the fire elemental! You freeze the fire elemental!
You closely miss the wight. The ten-headed hydra bites you.
The ten-headed hydra bites you but does no damage. x2
The ten-headed hydra bites you! The ten-headed hydra misses you.
The ten-headed hydra bites you but does no damage.
The ten-headed hydra barely misses you. The ten-headed hydra bites you.
* * * LOW HITPOINT WARNING * * *
The ten-headed hydra bites you!
* * * LOW HITPOINT WARNING * * *
The ten-headed hydra misses you.
The deep elf archer gestures wildly while chanting.
The deep elf archer blinks!
The fire elemental hits you. The fire elemental burns you!
* * * LOW HITPOINT WARNING * * *
The centaur warrior barely misses you. The centaur warrior closely misses you.
The wight hits you but does no damage. x2
Your life force feels restored.
Your Armour skill increases to level 13!
You hack one of the ten-headed hydra's heads off!
The nine-headed hydra grows two more!
You slash the 11-headed hydra!
The 11-headed hydra seems to slow down.
You freeze the 11-headed hydra.
The 11-headed hydra is lightly wounded.
You hit the orange crystal statue but do no damage.
You slash the fire elemental! You freeze the fire elemental.
You destroy the fire elemental!
The fire elemental disappears in a puff of smoke!
You slash the wight!
You destroy the wight!
The wight dissolves into shadows!
You slash the wight! You slash the centaur warrior!
You freeze the centaur warrior.
The wight is engulfed in blazing flames.
The deep elf archer unwields a +0 dagger.
The deep elf archer wields a +0 shortbow.
The deep elf archer shoots an arrow.
The arrow hits you!
* * * LOW HITPOINT WARNING * * *
The centaur warrior hits you but does no damage.
The centaur warrior kicks you but does no damage.
The 11-headed hydra bites you but does no damage.
The 11-headed hydra completely misses you.
The 11-headed hydra bites you but does no damage. x3
The 11-headed hydra barely misses you. The 11-headed hydra bites you.
* * * LOW HITPOINT WARNING * * *
The 11-headed hydra bites you but does no damage. x2
The 11-headed hydra bites you.
You die...

#.######.##.#### #####
#.##...........##
#.#..#########..#
#.#.##.......##.#
#.#.#8.#...#e8#.# #
#######.#.#.°z#.#.$(#.## #
#.........#.Ee9zz.$|#..## #
#.#####..©#.zzD8..=©#©..# # #.#
##..#..Dc@z.$)#...# # #.#
##.#..°#§#.$?#.#.# # #.#
#.#8.#°..#.8#...# # #.#
#.##.......##..######### #.#
#..#########...[........
#.########...........###########
#...........#........# ##
##..............#####.# ##.
......######.#.## #.# #..


You could see a 11-headed hydra (slow), a nine-headed hydra, an orange crystal
statue, a centaur warrior, a deep elf archer (repels missiles), a deep elf
pyromancer, a fire elemental (summoned), a gargoyle and 6 wights.

Vanquished Creatures
  A centaur warrior (D:9)
  2 two-headed ogres
  A cyclops (D:9)
  An ugly thing (D:9)
  A troll (D:9)
  A slime creature (D:6)
  2 wyverns (D:9)
  Eustachio (D:5)
  Edmund (D:4)
  A water moccasin (D:8)
  2 black bears (D:4)
  5 orc warriors
  A sky beast (D:7)
  An ogre (D:4)
  3 centaurs (D:9)
  3 phantoms
  A kobold brigand (D:9)
  A gnoll sergeant (D:8)
  2 scorpions (D:5)
  13 wights
  2 howler monkeys (D:8)
  2 electric eels (D:6)
  2 hounds
  8 jellies (D:6)
  3 orc priests
  Crazy Yiuf (D:2)
  Ijyb (D:3)
  Terence (D:3)
  A sleepcap (D:5)
  7 iguanas
  4 orc wizards
  5 adders
  7 gnolls
  2 white imps
  4 ufetubi
  2 worms
  2 dart slugs
  32 orcs
  23 endoplasms
  3 giant cockroaches
  10 goblins
  3 hobgoblins
  11 kobolds
  6 quokkas
  11 ball pythons
  4 bats
  A frilled lizard (D:1)
  4 rats
206 creatures vanquished.

Vanquished Creatures (others)
  An orc wizard (D:7)
1 creature vanquished.

Grand Total: 207 creatures vanquished

Notes
Turn   | Place    | Note
-------+----------+-------------------------------------------
     0 | D:1      | hwolsky the Minotaur Fighter began the quest for the Orb.
     0 | D:1      | Reached XP level 1. HP: 19/19 MP: 0/0
   125 | D:1      | Found Irari's Assorted Antiques.
   141 | D:1      | Reached XP level 2. HP: 24/26 MP: 1/1
   242 | D:1      | You fall into a shaft and drop 1 floor!
   335 | D:1      | Found Ablaeschee's Jewellery Boutique.
   615 | D:1      | Found Koma's Assorted Antiques.
   739 | D:2      | Found a sparkling altar of Nemelex Xobeh.
   790 | D:2      | Reached XP level 3. HP: 31/31 MP: 2/2
   863 | D:2      | Found Lutoamoenn's Armour Shoppe.
  1040 | D:2      | Found a runed translucent door.
  1041 | D:2      | Noticed Crazy Yiuf
  1104 | D:2      | Reached skill level 5 in Axes
  1153 | D:2      | Found a faded altar of an unknown god.
  1286 | D:2      | Reached XP level 4. HP: 20/39 MP: 3/3
  1618 | D:2      | Entered explore mode.
  1618 | D:2      | Succumbed to Crazy Yiuf's poison
  1621 | D:2      | Killed Crazy Yiuf
  1622 | D:2      | Reached XP level 5. HP: 9/45 MP: 2/4
  1829 | D:3      | Identified a scroll of acquirement
  1829 | D:3      | Acquired a +0 broad axe of freezing
  1925 | D:3      | Noticed Ijyb
  1934 | D:3      | Killed Ijyb
  2281 | D:3      | Noticed Terence
  2286 | D:3      | Killed Terence
  2635 | D:4      | Reached XP level 6. HP: 51/51 MP: 5/5
  2670 | D:4      | Noticed Edmund
  2683 | D:4      | Slain by a gnoll
                  | ... wielding a +1 vampiric spear
                  | (4 damage)
  2686 | D:4      | Killed Edmund
  2687 | D:4      | HP: 2/51 [ogre/+0 giant club (14)]
  2688 | D:4      | Succumbed to Edmund's poison
  2772 | D:4      | Reached XP level 7. HP: 37/57 MP: 6/6
  2858 | D:4      | Identified the +4 spear of Inoddubb {flame, Dex+3 Stlth+}
  3013 | D:4      | Reached skill level 10 in Axes
  3204 | D:5      | Entered Level 5 of the Dungeon
  3216 | D:5      | Reached skill level 4 in Armour
  3252 | D:5      | Found a sparkling altar of Nemelex Xobeh.
  3262 | D:5      | Reached skill level 5 in Fighting
  3434 | D:5      | Reached XP level 8. HP: 64/70 MP: 7/7
  3475 | D:5      | Noticed a two-headed ogre
  3481 | D:5      | HP: 1/70 [two-headed ogre/+0 dire flail (25)]
  3483 | D:5      | Slain by a two-headed ogre
                  | ... wielding a +0 dire flail
                  | (4 damage)
  3484 | D:5      | Killed a two-headed ogre
  3485 | D:5      | Reached skill level 6 in Armour
  3599 | D:5      | Noticed Eustachio
  3610 | D:5      | Killed Eustachio
  3672 | D:5      | Found a staircase to the Ecumenical Temple.
  3780 | Temple   | Entered the Ecumenical Temple
  3809 | Temple   | Became a worshipper of Warmaster Okawaru
  4178 | D:6      | Reached XP level 9. HP: 83/83 MP: 8/8
  4329 | D:6      | Reached skill level 7 in Armour
  4578 | D:6      | Reached skill level 10 in Fighting
  4578 | D:6      | Reached * piety under Okawaru
  5079 | D:7      | Reached skill level 8 in Armour
  5084 | D:7      | Found a basalt altar of Yredelemnul.
  5571 | D:7      | Found a shadowy altar of Dithmenos.
  5571 | D:7      | Found a shimmering altar of Xom.
  5912 | D:8      | Reached skill level 9 in Armour
  6219 | D:8      | Noticed a two-headed ogre
  6225 | D:8      | Killed a two-headed ogre
  6225 | D:8      | Reached ** piety under Okawaru
  6226 | D:8      | Reached skill level 10 in Armour
  6638 | D:8      | Reached XP level 10. HP: 93/93 MP: 9/9
  6970 | D:9      | Noticed a cyclops
  6970 | D:9      | Noticed a centaur warrior
  6981 | D:9      | Killed a centaur warrior
  6982 | D:9      | Reached skill level 11 in Armour
  6986 | D:9      | Killed a cyclops
  6986 | D:9      | Reached *** piety under Okawaru
  6989 | D:9      | HP: 2/93 [poisoned by a wight]
  6990 | D:9      | Reached skill level 12 in Armour
  7259 | D:9      | Found a broken altar of Ashenzari.
  7394 | D:9      | Noticed an eight-headed hydra
  7394 | D:9      | Noticed a deep elf archer
  7395 | D:9      | Found a transporter.
  7396 | D:9      | Noticed an orange crystal statue
  7396 | D:9      | Noticed a six-headed hydra
  7397 | D:9      | Noticed a centaur warrior
  7400 | D:9      | Noticed a deep elf pyromancer
  7400 | D:9      | Noticed a gargoyle
  7402 | D:9      | Noticed a cyan ugly thing
  7412 | D:9      | Found a transporter.
  7691 | D:9      | Found a staircase to the Orcish Mines.
  8051 | D:9      | HP: 4/93 [ten-headed hydra (9)]
  8051 | D:9      | HP: 1/93 [ten-headed hydra (3)]
  8052 | D:9      | Slain by a nine-headed hydra (5 damage)
  8053 | D:9      | Slain by a ten-headed hydra (13 damage)
  8056 | D:9      | HP: 2/92 [troll (6)]
  8057 | D:9      | Slain by a cyan ugly thing (7 damage)
  8061 | D:9      | Slain by a fire elemental (14 damage)
                  | ... summoned by a deep elf pyromancer
  8065 | D:9      | Killed a cyan ugly thing
  8065 | D:9      | Reached **** piety under Okawaru
  8066 | D:9      | Reached skill level 13 in Armour
  8066 | D:9      | HP: 4/93 [11-headed hydra (2)]
  8066 | D:9      | Slain by an 11-headed hydra

Illustrated notes

Levels and vault maps discovered:
D:1:      onia_arrival_pentagram, layout_basic, serial_shops,
          nicolae_shop_overgrown_old_shop, shop, nicolae_shop_advertising_works
          [nicolae_subvault_shop_adworks], st_stairs_1,
          dreamdust_mushroom_princess
D:2:      cheibrodos_pilgrimage, layout_basic,
          dilly_ecumenical_altar_fadedgnrine, serial_shops, shop, basic_altar,
          minmay_tromino_i2, uniq_crazy_yiuf_cottage
D:3:      layout_loops_ring, uniq_ijyb, uniq_terence
D:4:      layout_rooms, st_stairs_14, uniq_edmund
D:5:      layout_rooms, lemuel_crystal_altar, temple_statues, uniq_eustachio
D:6:      lemuel_slime, layout_cave_pods, minmay_misc_feat_square,
          kennysheep_cluttered_room, kennysheep_boxes
D:7:      layout_loops_cross, lemuel_crystal_altar,
          gammafunk_temple_overflow_pools, chequers_garden
D:8:      layout_basic
D:9:      gammafunk_sealed_arena, layout_loops_ring, nicolae_ashenzari_skybound,
          david_orc_4, minmay_checkerbox
Temple:   regret_index_temple_waves

Skill      XL: |  1  2  3  4  5  6  7  8  9 10 |
---------------+-------------------------------+-----
Axes           | 3 4 5 6 7 9 10 11 12 | 12.5
Fighting       | 5 9 10 | 10.0
Armour         | 4 6 10 13 | 13.0
Shields        | |  3.6

Action                     |  1- 3 |  4- 6 |  7- 9 | 10-12 || total
---------------------------+-------+-------+-------+-------++-------
  Melee: War axe           |   107 |    29 |       |       ||   136
         Headbutt          |     9 |     7 |    40 |    21 ||    77
         Broad axe         |       |    60 |   184 |   104 ||   348
    Use: Scroll            |     3 |     5 |     6 |     1 ||    15
         Potion            |       |       |       |     3 ||     3
 Armour: Scale mail        |    84 |    80 |   146 |   234 ||   544
  Dodge: Dodged            |    59 |    38 |    72 |    95 ||   264
  Block: Buckler           |    28 |    17 |    34 |    28 ||   107

Table legend: (Time is in decaauts)
 A = Elapsed time spent in this place.
 B = Non-inter-level travel time spent in this place.
 C = Inter-level travel time spent in this place.
 D = Time resting spent in this place.
 E = Time spent auto-exploring this place.
 F = Levels seen in this place.
 G = Mean time per level.
                   A        B        C        D        E       F      G
               +--------+--------+--------+--------+--------+-----+--------+
         Total |   8175 |   7722 |    453 |      0 |   6185 |  10 |  817.5 |
       Dungeon |   8119 |   7716 |    403 |      0 |   6185 |   9 |  902.1 |
        Temple |     56 |      7 |     49 |      0 |      0 |   1 |   56.0 |
               +--------+--------+--------+--------+--------+-----+--------+

Top non-repeatable levels by time:
     D:6: 1240 daAuts
     D:9: 1224 daAuts
     D:2: 1129 daAuts
     D:8: 1101 daAuts
     D:3: 719 daAuts
     D:1: 719 daAuts
     D:4: 691 daAuts
     D:7: 686 daAuts
     D:5: 605 daAuts
  Temple: 56 daAuts
